 Dungeon Crawl Stone Soup version 0.32-a0-960-g3814254bd7 (webtiles) character file.

Game seed: 12823330450845779098

6361 funkygono the Thaumaturge (level 10, -12/52 HPs)
             Began as a Deep Elf Fire Elementalist on Apr 17, 2024.
             Was a Priest of Vehumet.
             Killed from afar by a gargoyle (18 damage)
             ... with a stone arrow
             ... on level 10 of the Dungeon.
             The game lasted 00:18:38 (10233 turns).

funkygono the Thaumaturge (DEFE)                   Turns: 10233, Time: 00:18:39

Health: -12/52     AC:  9    Str:  9    XL:     10   Next: 65%
Magic:  22/29      EV: 13    Int: 25    God:    Vehumet [***...]
Gold:   508        SH:  0    Dex: 18    Spells: 26/35 levels left

rFire   . . .        (no weapon)
rCold   . . .        (no shield)
rNeg    . . .        h - +0 steam dragon scales
rPois   .            q - +0 hat of Entitlement {Str+4 Dex+3}
rElec   .            c - +2 cloak
rCorr   .            (no gloves)
SInv    .            x - +0 pair of boots
Will    ++...        r - amulet of magic regeneration
Stlth   +++          g - ring of willpower
HPRegen 0.28/turn    n - ring of wizardry
MPRegen 0.61/turn

%: wizardry (x1)
@: no status effects
A: no striking features
a: Renounce Religion


You were on level 10 of the Dungeon.
You worshipped Vehumet.
Vehumet was most pleased with you.
You visited 2 branches of the dungeon, and saw 11 of its levels.
You also visited: Sewer.

You collected 508 gold pieces.

Inventory:

Hand Weapons
 d - a +0 short sword
 l - a +2 quarterstaff
 p - the +10 hand axe "Etzyn" {flame, rPois rC+ Will+ Str+2}
   (You found it on level 4 of the Dungeon)

   Str+2:     It affects your strength (+2).
   rC+:       It protects you from cold.
   rPois:     It protects you from poison.
   Will+:     It increases your willpower.
Missiles
 D - 2 throwing nets
Armour
 c - a +2 cloak (worn)
 h - +0 steam dragon scales (worn)
 q - the +0 hat of Entitlement (worn) {Str+4 Dex+3}
   (You acquired it on level 5 of the Dungeon)

   Str+4:     It affects your strength (+4).
   Dex+3:     It affects your dexterity (+3).
 u - the +0 robe "Iwexim" {+Inv Slay+4}
   (You found it on level 5 of the Dungeon)

   Slay+4:    It affects your accuracy & damage with ranged weapons and melee
   (+4).
   +Inv:      It lets you turn invisible.
 x - a +0 pair of boots (worn)
Jewellery
 g - a ring of willpower (left hand)
 i - a ring of poison resistance
 n - a ring of wizardry (right hand)
 r - an amulet of magic regeneration (around neck)
 y - a ring of see invisible
Wands
 a - a wand of iceblast (12)
 s - a wand of polymorph (6)
 z - a wand of mindburst (11)
 A - a wand of flame (15)
 B - a wand of acid (4)
Scrolls
 k - 3 scrolls of amnesia
 E - a scroll of identify
Potions
 b - 2 potions of magic
 e - 3 potions of attraction
 f - 4 potions of heal wounds
 j - 4 potions of enlightenment
 m - a potion of berserk rage
 o - 2 potions of lignification
 t - a potion of brilliance
 v - 5 potions of curing
 w - a potion of might
 C - a potion of haste


   Skills:
 + Level 1.3 Fighting
 + Level 0.6 Staves
 + Level 4.0 Dodging
 - Level 3.5 Stealth
 + Level 13.3 Spellcasting
 + Level 7.6 Conjurations
 + Level 11.3 Fire Magic


You had 26 spell levels left.
You knew the following spells:

 Your Spells              Type           Power      Damage    Failure   Level
a - Foxfire               Conj/Fire      100%       2x1d9     1%          1
b - Scorch                Fire           100%       2d9       1%          2
c - Flame Wave            Conj/Fire      59%        2d14      1%          4
d - Searing Ray           Conj           100%       2d8       1%          2

Your spell library contained the following spells:

 Spells                   Type           Power      Damage    Failure   Level
 Static Discharge         Conj/Air       70%        3-6/arc   1%          2
 Freeze                   Ice            64%        1d7       1%          1
 Shock                    Conj/Air       100%       1d9       1%          1
 Slow                     Hex            64%        N/A       1%          1
 Frozen Ramparts          Ice            32%        1d5       1%          3
 Hailstorm                Conj/Ice       35%        3d8       1%          3
 Inner Flame              Hex/Fire       45%        N/A       1%          3
 Volatile Blastmotes      Fire/Tloc      90%        2d17      1%          3
 Cigotuvi's Dreadful Rot  Necr/Alch/Air  32%        N/A       2%          2
 Irradiate                Conj/Alch      17%        3d17      2%          5
 Confusing Touch          Hex            16%        N/A       4%          3
 Swiftness                Air            16%        N/A       4%          3
 Vampiric Draining        Necr           16%        2d7       4%          3
 Airstrike                Air            8%         2d(2-18)  4%          4
 Dispel Undead            Necr           16%        3d10      14%         4
 Martyr's Knell           Necr/Summ      16%        N/A       14%         4
 Ignition                 Fire           32%        3d10      21%         8


Dungeon Overview and Level Annotations

Branches:
Dungeon (10/15)            Temple (1/1) D:6            Lair (0/5) D:10
    Orc (0/2) D:9           Sewer (visited)

Altars:
Ashenzari
Cheibriados
Dithmenos
Elyvilon
Fedhas
Gozag
Hepliaklqana
Kikubaaqudgha
Makhleb
Nemelex Xobeh
Okawaru
Qazlal
Ru
Sif Muna
Trog
Uskayaw
Vehumet
Wu Jian
Xom
Yredelemnul
Zin
The Shining One

Shops:
D:3 [   D:6 [

Annotations:
D:4 1 runed translucent door


Message History

You conjure some foxfire!
The foxfire hits the gargoyle.
The gargoyle is moderately damaged.
The foxfire hits the gargoyle but does no damage.
The gargoyle is moderately damaged.
Unknown command.
Casting: Foxfire (safe; 1% risk of failure)
Confirm with . or Enter, or press ? or * to list all spells.
You can't see any susceptible monsters within range! (Use Z to cast anyway.) Unknown command.
Casting: Foxfire (safe; 1% risk of failure)
Confirm with . or Enter, or press ? or * to list all spells.
You conjure some foxfire!
The foxfire hits the gargoyle.
The gargoyle is heavily damaged.
The foxfire hits the gargoyle but does no damage.
The gargoyle is heavily damaged.
Casting: Foxfire (safe; 1% risk of failure)
Confirm with . or Enter, or press ? or * to list all spells.
Flames lash the gargoyle but do no damage.
The foxfire hits the gargoyle.
The gargoyle is severely damaged.
The foxfire hits the gargoyle.
The gargoyle is severely damaged.
The gargoyle hurls a stone arrow at you.
The stone arrow hits you!!
Ouch! That really hurt!
* * * LOW HITPOINT WARNING * * *
Casting: Scorch (safe; 1% risk of failure)
Confirm with . or Enter, or press ? or * to list all spells.
Aiming: Searing Ray (safe; 1% risk of failure)
Press: ? - help, Shift-Dir - straight line, f - gargoyle
Aim: a gargoyle, wielding a +0 flail (severely damaged, 92% to hit)
The searing ray hits the gargoyle but does no damage.
The gargoyle is severely damaged. (Press . to maintain the ray.) Unknown command.
The searing ray hits the gargoyle but does no damage.
The gargoyle is severely damaged.
The gargoyle hurls a stone arrow at you.
The stone arrow hits you!!
You die...

#..#
#..............########..
. ...
#................##......
.. ...
#.......##....>..##..###.
......
........##..†###.....# #.
... ........##...#
#.....# #. ....
#.......##...# #..##.# #.
.........#...# #..##.# #.
.####....#...# #..##.# #.
#.9.@#...# #..##.# #.
#...†# #..##.# #. #.###.#
#..# .# #.# #.# #..# #.#
#.# #..# #.# #.# .# ...
...#. .......


You could see a gargoyle.

Vanquished Creatures
  2 two-headed ogres
  2 trolls (D:10)
  A wraith (D:10)
  A shadow (D:9)
  2 wyverns (D:8)
  A steam dragon (D:9)
  Edmund (D:5)
  A water moccasin (D:5)
  3 orc warriors
  An ice beast (D:6)
  3 black bears
  3 wolves (D:10)
  3 centaurs
  2 kobold brigands
  A brain worm (Sewer)
  A gnoll sergeant (D:10)
  4 scorpions
  4 bullfrogs
  7 wights
  8 killer bees
  2 electric eels (D:10)
  2 howler monkeys
  4 jellies
  3 bombardier beetles
  A gnoll bouda (D:8)
  3 orc priests
  5 hounds
  2 iguanas
  6 orc wizards
  9 gnolls
  2 river rats (Sewer)
  9 adders
  A shadow imp (D:8)
  2 white imps
  4 ufetubi
  5 ribbon worms
  4 dart slugs
  30 orcs
  10 ball pythons
  10 bats
  7 endoplasms
  8 giant cockroaches
  6 goblins
  5 hobgoblins
  15 jackals
  17 kobolds
  4 quokkas
  6 frilled lizards
  7 rats
240 creatures vanquished.

Vanquished Creatures (collateral kills)
  7 foxfires (D:1)
7 creatures vanquished.

Vanquished Creatures (others)
  722 foxfires
722 creatures vanquished.

Grand Total: 969 creatures vanquished

Notes
Turn   | Place    | Note
-------+----------+-------------------------------------------
     0 | D:1      | funkygono the Deep Elf Fire Elementalist began the quest
                  | for the Orb.
     0 | D:1      | Reached XP level 1. HP: 10/10 MP: 6/6
   160 | D:1      | Reached XP level 2. HP: 15/15 MP: 6/8
   163 | D:1      | Learned a level 2 spell: Scorch
   562 | D:1      | Reached XP level 3. HP: 19/19 MP: 0/9
   699 | D:1      | Found a faded altar of an unknown god.
  2738 | D:3      | Reached XP level 4. HP: 24/24 MP: 7/11
  2793 | D:3      | Found Vescheim's Armour Emporium.
  3030 | D:3      | Found an ornate altar of the Wu Jian Council.
  3088 | D:3      | Reached skill level 4 in Spellcasting
  3258 | D:3      | Found an opulent altar of Gozag.
  3258 | D:3      | Found a shadowy altar of Dithmenos.
  3401 | D:3      | Reached XP level 5. HP: 28/28 MP: 7/14
  3588 | D:3      | Learned a level 4 spell: Flame Wave
  3703 | D:4      | Reached skill level 5 in Spellcasting
  3703 | D:4      | Reached skill level 5 in Fire Magic
  3794 | D:4      | Reached XP level 6. HP: 8/32 MP: 2/16
  4027 | D:4      | Reached skill level 6 in Spellcasting
  4072 | D:4      | Found an iron altar of Okawaru.
  4075 | D:4      | Found a runed translucent door.
  4079 | D:4      | Found the +0 toga "Victory" {*Victory Clar}
  4147 | D:4      | Reached XP level 7. HP: 36/36 MP: 13/18
  4264 | D:4      | Identified the +10 hand axe "Etzyn" {flame, rPois rC+ Will+
                  | Str+2}
  4316 | D:4      | Found a glowing golden altar of the Shining One.
  4679 | D:5      | Entered Level 5 of the Dungeon
  4817 | D:5      | Reached skill level 7 in Spellcasting
  4905 | D:5      | Found a glowing drain.
  4916 | Sewer    | Entered a sewer
  5721 | D:5      | Identified the +0 robe "Iwexim" {+Inv Slay+4}
  5752 | D:5      | Noticed Edmund
  5761 | D:5      | Killed Edmund
  5762 | D:5      | Reached XP level 8. HP: 34/41 MP: 12/21
  5794 | D:5      | Reached skill level 8 in Spellcasting
  6426 | D:5      | Identified a scroll of acquirement
  6426 | D:5      | Acquired the +0 hat of Entitlement {Str+4 Dex+3}
  6623 | D:6      | Noticed an animated pearl dragon scales
  6625 | D:6      | Found Jagaicze's Armour Boutique.
  6627 | D:6      | Found a staircase to the Ecumenical Temple.
  6627 | D:6      | Noticed an animated storm dragon scales
  6745 | Temple   | Entered the Ecumenical Temple
  6787 | Temple   | Became a worshipper of Vehumet
  7077 | D:7      | Reached skill level 9 in Spellcasting
  7094 | D:7      | Reached skill level 5 in Conjurations
  7199 | D:7      | Found a hazy altar of Hepliaklqana.
  7554 | D:7      | Reached XP level 9. HP: 45/45 MP: 19/24
  7909 | D:8      | Reached * piety under Vehumet
  7909 | D:8      | Offered knowledge of Sandblast by Vehumet.
  8025 | D:8      | Reached skill level 10 in Spellcasting
  8224 | D:8      | Noticed a two-headed ogre
  8230 | D:8      | Killed a two-headed ogre
  8231 | D:8      | Reached skill level 11 in Spellcasting
  8416 | D:8      | Reached skill level 10 in Fire Magic
  8445 | D:8      | Offered knowledge of Searing Ray by Vehumet.
  8522 | D:8      | Reached ** piety under Vehumet
  8761 | D:8      | Acquired a book of Spontaneous Combustion
  8770 | D:8      | Learned a level 2 spell: Searing Ray
  9178 | D:9      | Reached skill level 1 in Fighting
  9182 | D:9      | Found a bloodstained altar of Trog.
  9232 | D:9      | Reached XP level 10. HP: 52/52 MP: 27/27
  9273 | D:9      | Found a staircase to the Orcish Mines.
  9281 | D:8      | Reached skill level 12 in Spellcasting
  9867 | D:10     | Entered Level 10 of the Dungeon
  9914 | D:10     | Noticed a two-headed ogre
  9932 | D:10     | Killed a two-headed ogre
  9932 | D:10     | Offered knowledge of Static Discharge by Vehumet.
  9959 | D:10     | Found a staircase to the Lair.
 10014 | D:10     | Reached skill level 13 in Spellcasting
 10015 | D:10     | Reached *** piety under Vehumet
 10224 | D:10     | Noticed a gargoyle
 10233 | D:10     | Killed from afar by a gargoyle

Illustrated notes

Levels and vault maps discovered:
D:1:      psy_arrival_fountain, layout_loops_ring, serial_forest,
          infiniplex_forest_end_1, infiniplex_forest_3_way,
          infiniplex_forest_zigzag_1, infiniplex_forest_corner_2,
          infiniplex_forest_end_double, infiniplex_forest_zigzag_1,
          infiniplex_forest_clump_diagonal, infiniplex_forest_end_2,
          hellmonk_ecumenical_altar_arch_garden, dk_noncrumbling_3,
          kennysheep_small_spiral
D:2:      layout_basic, serial_forest, infiniplex_forest_straight_2,
          infiniplex_forest_lined_room_2, infiniplex_forest_clump_diagonal,
          infiniplex_forest_corner_1, infiniplex_forest_lined_room_2,
          infiniplex_forest_lined_3, infiniplex_forest_straight_4
D:3:      layout_rooms, nicolae_wu_jian_immortal_techniques,
          nicolae_overflow_hidden_temple, serial_shops, shop,
          kennysheep_generic_room_4
D:4:      layout_loops_ring, mainiacjoe_overflow_surrounded_room,
          nicolae_overflow_guarded_unrand_okawaru_victory
D:5:      layout_basic, portal_sewer_entry_f, st_stairs_10, uniq_edmund
D:6:      layout_cave_pools, minmay_temple_entry_crystal_x, serial_shops,
          nicolae_shop_mannequins
D:7:      layout_loops_ring, mainiacjoe_overflow_alcove_1
D:8:      layout_basic, due_unseen_surprise
D:9:      layout_cave_pools, mainiacjoe_overflow_catwalk, david_orc_2
D:10:     minmay_shrinking_squares, layout_long_grid, erik_lair_island,
          st_stairs_3, hangedman_decor_clover_reticule, minivault_24,
          chequers_serial_rivers_large_a
Temple:   bh_familiar_temple

Skill      XL: |  1  2  3  4  5  6  7  8  9 10 |
---------------+-------------------------------+-----
Stealth        | 3 |  3.5
Fire Magic     | 4 5 6 7 8 10 11 | 11.3
Spellcasting   | 4 5 6 7 9 11 13 | 13.3
Conjurations   | 2 3 4 5 6 7 |  7.6
Dodging        | 3 4 |  4.0
Fighting       | 1 |  1.3
Staves         | |  0.6

Action                     |  1- 3 |  4- 6 |  7- 9 | 10-12 || total
---------------------------+-------+-------+-------+-------++-------
  Melee: Quarterstaff      |       |     4 |     2 |       ||     6
   Cast: Foxfire           |    71 |    55 |   221 |    80 ||   427
         Scorch            |     7 |    18 |    55 |    18 ||    98
         Flame Wave        |       |       |     5 |     4 ||     9
         Searing Ray       |       |       |       |     1 ||     1
    Use: Scroll            |     4 |     4 |    14 |       ||    22
 Armour: Robe              |     1 |    19 |    25 |    12 ||    57
         Steam dragon scal |       |       |       |    15 ||    15
  Dodge: Dodged            |     2 |    21 |    30 |    26 ||    79

Table legend: (Time is in decaauts)
 A = Elapsed time spent in this place.
 B = Non-inter-level travel time spent in this place.
 C = Inter-level travel time spent in this place.
 D = Time resting spent in this place.
 E = Time spent auto-exploring this place.
 F = Levels seen in this place.
 G = Mean time per level.
                   A        B        C        D        E       F      G
               +--------+--------+--------+--------+--------+-----+--------+
         Total |  10433 |   9552 |    881 |     48 |   8026 |  12 |  869.4 |
       Dungeon |   9448 |   8620 |    828 |     48 |   7237 |  10 |  944.8 |
        Temple |     66 |     14 |     52 |      0 |      0 |   1 |   66.0 |
         Sewer |    917 |    917 |      0 |      0 |    788 |   1 |  917.0 |
               +--------+--------+--------+--------+--------+-----+--------+

Top non-repeatable levels by time:
     D:1: 1575 daAuts
     D:3: 1136 daAuts
     D:2: 1116 daAuts
     D:5: 1114 daAuts
     D:4: 1071 daAuts
     D:8: 1051 daAuts
   Sewer: 917 daAuts
     D:7: 880 daAuts
     D:9: 573 daAuts
     D:6: 558 daAuts
    D:10: 371 daAuts
  Temple: 66 daAuts
